 Dungeon Crawl Stone Soup version 0.17-a0-1373-g64d4c99 (webtiles) character file.

60 Kugnar the Grave Robber (level 3, -3/28 HPs)
             Began as a Deep Dwarf Necromancer on June 13, 2015.
             Was an Initiate of Yredelemnul.
             Slain by a worm (8 damage)
             ... on level 3 of the Dungeon.
             The game lasted 00:33:45 (2988 turns).

Kugnar the Grave Robber (Deep Dwarf Necromancer)    Turns: 2988, Time: 00:33:45

Health: -3/28      AC:  2    Str: 11    XL:     3   Next: 82%
Magic:  1/6        EV: 12    Int: 16    God:    Yredelemnul [......]
Gold:   74         SH:  0    Dex: 13    Spells: 1 memorised, 5 levels left

rFire  + . .     SeeInvis .     h - -2 club (curse)
rCold  . . .     Clarity  .     a - +0 robe
rNeg   + . .     SustAt   .     (no shield)
rPois  .         Gourm    .     (no helmet)
rElec  .         Spirit   .     (no cloak)
rCorr  .         Warding  +     (no gloves)
rMut   .         Stasis   .     (no boots)
MR     .....                    e - amulet of warding
Stlth  ++........               (no ring)
                                t - ring of protection from fire

@: non-regenerating, not resistant to hostile enchantments, unstealthy
A: damage resistance, recharge devices, sense surroundings 1, slow healing 3
a: Device Recharging, Renounce Religion


You were on level 3 of the Dungeon.
You worshipped Yredelemnul.
Yredelemnul was noncommittal.
You were not hungry.

You visited 1 branch of the dungeon, and saw 3 of its levels.

You collected 74 gold pieces.

Inventory:

Hand weapons
 h - a cursed -2 club (weapon)
 l - a +0 club
 m - a +0 dagger
 o - a +0 club
 q - a cursed -2 dagger
 u - a +0 short sword
Missiles
 g - 15 silver sling bullets
 k - 64 stones (quivered)
 p - 31 bolts
 y - 4 large rocks
Armour
 a - a +0 robe (worn)
 s - a +0 ring mail
 z - a cursed -1 ring mail
Jewellery
 e - an amulet of warding (around neck)
 t - a ring of protection from fire (left hand)
 w - an uncursed ring of fire {unknown}
Magical devices
 c - a wand of heal wounds (2)
Scrolls
 j - a scroll of identify
Potions
 f - 2 potions of degeneration {unknown}
 i - a potion of lignification {unknown}
 r - 2 potions of haste {unknown}
Books
 b - a book of Necromancy

   Spells                             Type                      Level
   a - Pain                           Necromancy                   1
   b - Animate Skeleton               Necromancy                   1
   c - Vampiric Draining              Necromancy                   3
   d - Regeneration                   Charms/Necromancy            3
   e - Animate Dead                   Necromancy                   4
   f - Control Undead                 Necromancy                   4
Comestibles
 d - a bread ration
 n - a meat ration
 v - 2 chunks of flesh
 x - a fruit


   Skills:
 + Level 0.1 Fighting
 + Level 2.5 Dodging
 + Level 2.8 Stealth
 + Level 2.3 Spellcasting
 + Level 5.2 Necromancy


You had 5 spell levels left.
You knew the following spells:

 Your Spells              Type           Power        Failure   Level  Hunger
a - Pain                  Necr           ###.         2%          1    #......


Dungeon Overview and Level Annotations

Branches:
Dungeon (3/15)

Altars:
Xom
Yredelemnul

Annotations:
D:3 Ijyb


Innate Abilities, Weirdness & Mutations

You are resistant to damage.
You can recharge devices by infusing magical energy.
You passively map a small area around you.
You do not heal naturally.


Message History

You barely miss Ijyb.
Ijyb is severely wounded.
Ijyb screams, "Die!"
Ijyb hits you. The worm bites you!
You hit Ijyb.
Ijyb is severely wounded.
Ijyb hits you. The worm bites you but does no damage.
You barely miss Ijyb.
Ijyb is severely wounded.
Ijyb hits you. Ijyb hits you but does no damage.
You hit Ijyb but do no damage.
Ijyb is severely wounded.
The worm bites you!
* * * LOW HITPOINT WARNING * * *
Ijyb hits you but does no damage.
You hit Ijyb but do no damage.
Ijyb is severely wounded.
Ijyb barely misses you. The worm bites you!
You die...
Your body rises from the dead as a mindless zombie.

#.# * ##### #.# , , , #
*##...## #.# , #.##.....#
#.# * =.......<# #.# #
,*#.....######.# .#
*#...........# ###.#
##.#.#################...
* #..#....g@w........##.#
* ###.##############...<#
#.# ####.# * ** *#.# #...
,..# ###..# ,* ### * ,
..# * * .# , , * ?. , #


You could see Ijyb and a worm.

Vanquished Creatures
  2 adders
  An ooze (D:2)
  3 giant geckos (D:2)
  An orc (D:2)
  2 giant cockroaches
  6 goblins
  3 hobgoblins
  A quokka (D:2)
  A ball python (D:1)
  4 bats
  A giant newt (D:2)
  5 kobolds
  4 rats
34 creatures vanquished.

Notes
Turn   | Place    | Note
--------------------------------------------------------------
     0 | D:1      | Kugnar the Deep Dwarf Necromancer began the quest for the Orb.
     0 | D:1      | Reached XP level 1. HP: 15/15 MP: 3/3
   917 | D:1      | Reached XP level 2. HP: 16/22 MP: 2/4
  1809 | D:2      | Reached XP level 3. HP: 19/28 MP: 1/6
  2160 | D:2      | Found a faded altar to an unknown god.
  2321 | D:2      | Reached skill level 5 in Necromancy
  2443 | D:2      | Found a basalt altar of Yredelemnul.
  2443 | D:2      | Found a shimmering altar of Xom.
  2491 | D:2      | Became a worshipper of Yredelemnul the Dark
  2943 | D:3      | Noticed Ijyb
  2982 | D:3      | HP: 1/28 [worm (5)]
  2988 | D:3      | Slain by a worm

Vault maps used:
D:1:      lightli_arrival_noodles, dk_noncrumbling_3
D:2:      gammafunk_temple_overflow_pools, ecumenical_altar_1
D:3:      first_bread, minmay_cupped, uniq_iyjb, uniq_natasha, uniq_sigmund

Action                   || total
-------------------------++-------
Melee: Unarmed           ||    18
       Club              ||    24
 Cast: Pain              ||    75
Evoke: Wand              ||     3
  Use: Scroll            ||     7
  Eat: Chunk             ||     2
       Meat ration       ||     1
       Fruit             ||     1
